 Dungeon Crawl Stone Soup version 0.18-a0-1702-gd20c6a5 (webtiles) character file.

441 azaza322 the Covered (level 7, -7/44 HPs)
             Began as a Gargoyle Fighter on Apr 7, 2016.
             Was an Initiate of Okawaru.
             Killed by divine providence
             ... invoked by an orc priest
              (17 damage)
             ... on level 4 of the Dungeon.
             The game lasted 00:07:53 (3015 turns).

azaza322 the Covered (Gargoyle Fighter)             Turns: 3015, Time: 00:07:54

Health: -7/44      AC: 15    Str: 21    XL:     7   Next: 2%
Magic:  7/7        EV:  7    Int:  8    God:    Okawaru [......]
Gold:   185        SH:  0    Dex: 10    Spells: 0 memorised, 6 levels left

rFire  . . .     SeeInvis +     a - +0 flail
rCold  . . .     Gourm    .     b - +0 scale mail
rNeg   + . .     Faith    .     c - +0 shield
rPois  ∞         Spirit   .     (no helmet)
rElec  +         Dismiss  .     x - +1 cloak
rCorr  +         Reflect  .     (no gloves)
SustAt .         Harm     .     k - +0 pair of boots
MR     .....                    (no amulet)
Stlth  ..........               t - ring of see invisible
                                u - ring of resist corrosion

@: confused, not resistant to hostile enchantments, extremely unstealthy
A: negative energy resistance 1, electricity resistance, unbreathing,
petrification resistance, rot immunity, AC +4
a: Renounce Religion


You were on level 4 of the Dungeon.
You worshipped Okawaru.
Okawaru was noncommittal.
You were not hungry.

You visited 2 branches of the dungeon, and saw 6 of its levels.

You collected 185 gold pieces.

Inventory:

Hand Weapons
 a - a +0 flail (weapon)
Missiles
 q - 3 large rocks (quivered)
Armour
 b - a +0 scale mail (worn)
 c - a +0 shield (worn)
 k - a +0 pair of boots (worn)
 x - a +1 cloak (worn)
Jewellery
 e - an uncursed ring of ice
 t - a ring of see invisible (right hand)
 u - a ring of resist corrosion (left hand)
 v - an uncursed ring of wizardry
Wands
 m - a wand of flame (30/48)
 w - a wand of enslavement (8/24)
Scrolls
 i - 5 scrolls of identify {unknown}
 l - a scroll of amnesia {unknown}
 n - 2 scrolls of teleportation {unknown}
 p - 2 scrolls of enchant weapon {unknown}
 y - a scroll of blinking {unknown}
 E - a scroll of remove curse {unknown}
Potions
 d - a potion of might
 g - a potion of heal wounds {unknown}
 h - 2 potions of degeneration {unknown}
 j - a potion of flight {unknown}
 o - a potion of agility {unknown}
 r - 2 potions of curing {unknown}
 s - 2 potions of berserk rage
 z - a potion of brilliance {unknown}
 B - a potion of invisibility {unknown}
Comestibles
 f - 3 bread rations
 A - 4 fruits
 C - 2 meat rations
 F - 5 chunks of flesh


   Skills:
 + Level 4.8 Fighting
 + Level 3.7 Maces & Flails
 + Level 5.4 Armour
 + Level 5.1 Shields


You had 6 spell levels left.
You didn't know any spells.

Dungeon Overview and Level Annotations

Branches:
Dungeon (5/15)             Temple (1/1) D:5

Altars:
Ashenzari
Cheibriados
Dithmenos
Elyvilon
Fedhas
Gozag
Makhleb
Nemelex Xobeh
Okawaru
Pakellas
Qazlal
Ru
Sif Muna
Trog
Xom
Yredelemnul
The Shining One


Innate Abilities, Weirdness & Mutations

You are resistant to torment.
Your stone body is resilient (AC +4).
You are immune to poison.
You resist negative energy.
You are resistant to electric shocks.
You can survive without breathing.
You are immune to petrification.
You are immune to rotting.


Message History

The orc is severely wounded.
You block the orc's attack. The orc barely misses you.
You hit the orc.
You kill the orc!
Okawaru accepts your kill. The orc barely misses you.
The orc priest mumbles some strange prayers to Beogh against you.
Beogh smites you!
Unknown command.
You closely miss the orc priest. You block the orc's attack.
The orc priest barely misses you.
The orc priest calls down the wrath of Beogh upon you.
Beogh smites you!
* * * LOW HITPOINT WARNING * * *
You block the orc's attack.
You are confused.
You feel invigorated.
The orc priest invokes the aid of Beogh against you.
Beogh smites you!
You die...

#######
#########.....#
........#.....#
........+.....#
.......o#.....#
".....oo#.....#
#+####@#.....####
..................
..................
..................
$...<.............
..................
..................
..................
##+######'####+####


You could see 2 orc priests and an orc.

Vanquished Creatures
  The ghost of F1L1N the Shield-Bearer, an amateur GrFi (D:3)
  A scorpion (D:4)
  Ijyb (D:2)
  An iguana (D:4)
  3 worker ants
  A gnoll (D:4)
  An adder (D:2)
  An ooze (D:3)
  An adder skeleton (D:4)
  A worm (D:2)
  2 giant geckos
  6 orcs
  8 bats
  A giant cockroach (D:2)
  8 goblins
  8 hobgoblins
  4 jackals (D:4)
  A ball python (D:1)
  3 giant newts
  5 kobolds
  6 rats
64 creatures vanquished.

Notes
Turn   | Place    | Note
--------------------------------------------------------------
     0 | D:1      | azaza322 the Gargoyle Fighter began the quest for the Orb.
     0 | D:1      | Reached XP level 1. HP: 14/14 MP: 1/1
   262 | D:1      | Reached XP level 2. HP: 17/19 MP: 2/2
   695 | D:2      | Noticed Ijyb
   699 | D:2      | Reached XP level 3. HP: 23/24 MP: 3/3
   718 | D:2      | Killed Ijyb
  1023 | D:2      | Reached XP level 4. HP: 26/29 MP: 4/4
  1452 | D:2      | Found a stormy altar of Qazlal.
  1540 | D:3      | Found a white marble altar of Elyvilon.
  1652 | D:3      | Found a basalt altar of Yredelemnul.
  1653 | D:3      | Noticed F1L1N's ghost (amateur GrFi)
  1688 | D:3      | HP: 1/29 [F1L1N's ghost (5)]
  1689 | D:3      | Killed F1L1N's ghost
  1689 | D:3      | Reached XP level 5. HP: 1/34 MP: 5/5
  1689 | D:3      | Reached XP level 6. HP: 2/39 MP: 6/6
  2189 | D:3      | Found a shadowy altar of Dithmenos.
  2217 | D:3      | You fall through a shaft for 2 floors!
  2217 | D:5      | Entered Level 5 of the Dungeon
  2217 | D:5      | Found a staircase to the Ecumenical Temple.
  2225 | Temple   | Entered the Ecumenical Temple
  2339 | D:5      | Found a sparkling altar of Nemelex Xobeh.
  2347 | D:5      | Reached skill level 5 in Armour
  2496 | D:4      | Reached skill level 5 in Shields
  2580 | D:4      | Found an iron altar of Okawaru.
  2580 | D:4      | Found a bloodstained altar of Trog.
  2593 | D:4      | Became a worshipper of Warmaster Okawaru
  2733 | D:4      | Found a glowing golden altar of the Shining One.
  2791 | D:4      | Found an opulent altar of Gozag.
  2991 | D:4      | Reached XP level 7. HP: 44/44 MP: 7/7
  3015 | D:4      | Killed from afar by an orc priest

Vault maps used:
D:1:      matt_arrival_refuge
D:2:      marbit_many_paths, uniq_iyjb
D:3:      nicolae_dithmenos_through_a_glass_darkly, old_standard_altar,
          first_bread, elyvilon_altar_1, uniq_natasha
D:4:      lemuel_upstairs_altar, grunt_temple_overflow_bloody_war,
          kiku_gazebo_garden_becter, lemuel_crystal_altar, lemuel_round_altar,
          hangedman_decor_slide_cut
D:5:      nemelex_xobeh_ov_fountains_minmay
Temple:   circular_temple_pool_8

Skill      XL: |  1  2  3  4  5  6 |
---------------+-------------------+-----
Shields        | 4 5 |  5.1
Armour         | 4 5 |  5.4
Fighting       | 4 |  4.8
Maces & Flails | 3 |  3.7

Action                   |  1- 3 |  4- 6 |  7- 9 || total
-------------------------+-------+-------+-------++-------
Melee: Flail             |   107 |   153 |     7 ||   267
  Use: Potion            |       |     2 |     1 ||     3
  Eat: Bread ration      |       |     2 |       ||     2
